 Dungeon Crawl Stone Soup version 0.25-a0-513-ge77a69270c (console) character file.

Game seed: 4100491440687609898, levelgen mode: deterministic

7484 surprisetrex the Arsonist (level 11, -8/86 HPs)
             Began as a Hill Orc Fire Elementalist on Feb 16, 2020.
             Was a Priest of Okawaru.
             Mangled by a komodo dragon (20 damage)
             ... on level 10 of the Dungeon.
             The game lasted 01:20:32 (12497 turns).

surprisetrex the Arsonist (HOFE)                   Turns: 12497, Time: 01:20:33

Health: -8/86      AC: 13    Str: 14    XL:     11   Next: 16%
Magic:  16/17      EV: 10    Int: 18    God:    Okawaru [***...]
Gold:   652        SH:  4    Dex: 11    Spells: 5/18 levels left

rFire    . . .     SeeInvis .   a - +10 morningstar {elec, Halo rElec}
rCold    . . .     Gourm    .   K - +0 buckler
rNeg     . . .     Faith    .   J - +1 ring mail {rPois}
rPois    +         Spirit   .   T - +0 helmet
rElec    +         Reflect  .   E - +0 cloak
rCorr    .         Harm     .   (no gloves)
MR       +....                  (no boots)
Stlth    +.........             V - amulet of magic regeneration
HPRegen  0.24/turn              s - ring of protection from magic
MPRegen  0.40/turn              F - +5 ring of protection

@: glowing
A: talons 1, strong 1
a: Heroism, Renounce Religion


You were on level 10 of the Dungeon.
You worshipped Okawaru.
Okawaru was most pleased with you.
You were not hungry.

You visited 3 branches of the dungeon, and saw 12 of its levels.

You collected 652 gold pieces.

Inventory:

Hand Weapons
 a - the +10 morningstar "Eos" (weapon) {elec, Halo rElec}
   (You found it on level 6 of the Dungeon)

   Occasionally, upon striking a foe, it will discharge some electrical energy
   and cause terrible harm.
   It insulates you from electricity.
 b - a +0 hunting sling
 M - a +0 battleaxe
Missiles
 z - 98 sling bullets
 N - 29 poisoned darts
 P - 355 stones (quivered)
Armour
 E - a +0 cloak (worn)
 J - a +1 ring mail of poison resistance (worn)
 K - a +0 buckler (worn)
 T - a +0 helmet (worn)
Magical Staves
 W - an uncursed staff of wizardry
Jewellery
 e - an uncursed amulet of regeneration
 q - a +3 ring of dexterity
 s - a ring of protection from magic (left hand)
 t - an uncursed ring of ice
 F - a +5 ring of protection (right hand)
 V - an amulet of magic regeneration (around neck)
Wands
 j - a wand of disintegration (22)
 y - a wand of enslavement (9)
 D - a wand of flame (13)
 S - a wand of random effects (29)
 U - a wand of acid (8)
Scrolls
 g - a scroll of magic mapping {unknown}
 i - a scroll of random uselessness
 o - 9 scrolls of remove curse
 p - 2 scrolls of enchant weapon
 r - 3 scrolls of fog
 v - 5 scrolls of enchant armour
 A - a scroll of noise {unknown}
 B - a scroll of silence {unknown}
 G - a scroll of vulnerability {unknown}
 I - 5 scrolls of immolation
 O - a scroll of teleportation
Potions
 d - 5 potions of agility
 f - 2 potions of degeneration {unknown}
 h - a potion of magic {unknown}
 k - 2 potions of might {unknown}
 l - a potion of brilliance {unknown}
 m - a potion of haste
 u - a potion of resistance {unknown}
 x - 2 potions of flight
 C - a potion of berserk rage {unknown}
 H - a potion of ambrosia {unknown}
 Q - a potion of cancellation {unknown}
 R - a potion of lignification {unknown}
Comestibles
 c - 9 rations
 L - 11 chunks of flesh


   Skills:
 - Level 5.1 Fighting
 - Level 5.5 Axes
 - Level 1.5 Dodging
 - Level 1.5 Stealth
 - Level 4.3 Shields
 - Level 4.0 Spellcasting
 + Level 10.0 Conjurations
 - Level 11.5 Fire Magic


You had 5 spell levels left.
You knew the following spells:

 Your Spells              Type           Power        Failure   Level  Hunger
a - Foxfire               Conj/Fire      ####         1%          1    None
b - Conjure Flame         Conj/Fire      #####...     1%          3    ###....
c - Sticky Flame          Conj/Fire      #####...     3%          4    ####...
d - Fireball              Conj/Fire      #####.....   10%         5    ######.

Your spell library contained the following spells:

 Spells                   Type           Power        Failure   Level  Hunger
 Inner Flame              Hex/Fire       ###.....     9%          3    ###....
 Stone Arrow              Conj/Erth      ###...       12%         3    ###....
 Animate Skeleton         Necr           N/A          30%         1    None
 Apportation              Tloc           #.....       30%         1    None
 Corona                   Hex            #......      30%         1    None
 Sandblast                Erth           #.....       30%         1    None
 Summon Small Mammal      Summ           #...         30%         1    None
 Passwall                 Tmut/Erth      #.......     41%         2    ##.....
 Petrify                  Tmut/Erth      #.......     96%         4    ####...
 Lee's Rapid Deconstruct  Erth           #.........   100%        5    ######.


Dungeon Overview and Level Annotations

Branches:
Dungeon (10/15)            Temple (1/1) D:4            Lair (1/6) D:10
    Orc: D:9-12

Altars:
Ashenzari
Cheibriados
Dithmenos
Elyvilon
Fedhas
Gozag
Hepliaklqana
Kikubaaqudgha
Makhleb
Nemelex Xobeh
Okawaru
Qazlal
Ru
Sif Muna
Trog
Uskayaw
Vehumet
Wu Jian
Xom
Yredelemnul
Zin
The Shining One

Shops:
D:4 =   D:7 *


Innate Abilities, Weirdness & Mutations

You have sharp toenails.
Your muscles are strong. (Str +2)


Message History

The four-headed hydra is severely wounded.
The four-headed hydra burns! x2; The komodo dragon barely misses you.
The four-headed hydra bites you.
* * * LOW HITPOINT WARNING * * *
The four-headed hydra bites you but does no damage. x3
The komodo dragon bites you!!
* * * LOW HITPOINT WARNING * * *
You sock the four-headed hydra!
Lightning courses through the four-headed hydra!
You kill the four-headed hydra!
Okawaru is honoured by your kill.
Your Conjurations skill increases to level 10!
The komodo dragon bites you!
* * * LOW HITPOINT WARNING * * *
You feel better. The komodo dragon bites you.
* * * LOW HITPOINT WARNING * * *
You feel better. The komodo dragon bites you!
* * * LOW HITPOINT WARNING * * *
You feel better. The komodo dragon bites you!!
You die...

########################
.......................#
.....#..##.............#
.....#.................#
.........<.............#
.......................#
##..............#......#
#..............÷l.....#
################@##....#
.# ####....# .# #....#
## ##############....#
.#####.................#
.....#.................#
.....#...#####.........#
.....#...#####.........#
##..##.................#


You could see a komodo dragon.

Vanquished Creatures
  A hydra (D:10)
  A centaur warrior (D:10)
  Maurice (D:8)
  Joseph (D:7)
  A komodo dragon (Lair:1)
  3 hippogriffs
  A spriggan (D:10)
  5 yaks
  A hungry ghost (D:8)
  Duvessa (D:5)
  A porcupine (Lair:1)
  2 black bears
  An orc warrior (D:5)
  A hornet zombie (D:9)
  2 ice beasts
  2 phantoms (D:6)
  2 sky beasts
  3 centaurs
  5 ogres
  2 crocodiles
  A big kobold (D:9)
  4 bullfrogs
  Dowan (D:5)
  A water moccasin zombie (D:9)
  2 scorpions (D:9)
  A water moccasin skeleton (D:7)
  2 jellies
  3 crimson imps
  3 hounds
  A quasit (D:8)
  Crazy Yiuf (D:3)
  A centaur skeleton (D:6)
  5 orc priests
  7 orc wizards
  A bullfrog skeleton (D:7)
  Ijyb (D:5)
  An iguana (D:9)
  2 worker ants
  A hound skeleton (D:6)
  2 hound zombies
  A howler monkey zombie (D:9)
  8 gnolls
  13 adders
  2 shadow imps
  An ooze (D:2)
  An adder skeleton (D:7)
  An adder zombie (D:10)
  2 worms
  3 dart slugs
  10 leopard geckos
  31 orcs
  A giant cockroach (D:4)
  4 goblins
  10 hobgoblins
  12 kobolds
  5 quokkas
  10 bats
  6 frilled lizards
  11 rats
210 creatures vanquished.

Vanquished Creatures (others)
  316 foxfires
316 creatures vanquished.

Grand Total: 526 creatures vanquished

Notes
Turn   | Place    | Note
-------+----------+-------------------------------------------
     0 | D:1      | surprisetrex the Hill Orc Fire Elementalist began the quest
                  | for the Orb.
     0 | D:1      | Reached XP level 1. HP: 14/14 MP: 3/3
   209 | D:1      | Reached XP level 2. HP: 17/20 MP: 4/4
   290 | D:1      | Reached skill level 4 in Fire Magic
   578 | D:1      | Reached XP level 3. HP: 26/26 MP: 5/5
   949 | D:2      | Reached skill level 5 in Fire Magic
  1221 | D:2      | Reached XP level 4. HP: 33/33 MP: 4/6
  1978 | D:3      | Noticed an ogre
  2053 | D:3      | Noticed an ogre
  2072 | D:3      | Killed an ogre
  2072 | D:3      | Reached XP level 5. HP: 38/38 MP: 2/7
  2158 | D:3      | Killed an ogre
  2158 | D:3      | Reached XP level 6. HP: 45/45 MP: 2/8
  2208 | D:3      | Found a blossoming altar of Fedhas.
  2208 | D:3      | Found an ancient bone altar of Kikubaaqudgha.
  2303 | D:3      | Reached skill level 5 in Conjurations
  2395 | D:3      | Reached skill level 1 in Fighting
  2793 | D:3      | Found a runed translucent door.
  2794 | D:3      | Noticed Crazy Yiuf
  2829 | D:3      | Learned a level 3 spell: Conjure Flame
  2839 | D:3      | Killed Crazy Yiuf
  2950 | D:4      | Reached XP level 7. HP: 59/59 MP: 3/9
  3300 | D:4      | Reached skill level 5 in Fighting
  3445 | D:4      | Found a staircase to the Ecumenical Temple.
  3550 | D:4      | Found a shadowy altar of Dithmenos.
  3619 | D:4      | Found Liuga's Jewellery Shop.
  3632 | D:4      | Learned a level 4 spell: Sticky Flame
  3866 | D:4      | Reached skill level 1 in Axes
  4037 | D:5      | Entered Level 5 of the Dungeon
  4066 | D:5      | Found a shimmering blue altar of Sif Muna.
  4608 | D:5      | Noticed Ijyb
  4623 | D:5      | Killed Ijyb
  5151 | D:5      | Found a shimmering altar of Xom.
  5180 | D:5      | Found a snail-covered altar of Cheibriados.
  5219 | D:5      | Noticed Duvessa
  5219 | D:5      | Noticed Dowan
  5359 | D:5      | Reached skill level 5 in Axes
  5359 | D:5      | Reached XP level 8. HP: 6/68 MP: 7/10
  6018 | D:5      | Killed Duvessa
  6029 | D:5      | Killed Dowan
  6029 | D:5      | Reached skill level 6 in Fire Magic
  6612 | D:5      | Reached skill level 7 in Fire Magic
  7748 | D:6      | Reached XP level 9. HP: 74/74 MP: 9/11
  7831 | D:6      | Reached skill level 8 in Fire Magic
  7892 | D:6      | Found the +10 morningstar "Eos" {elec, Halo rElec}
  8146 | D:7      | Reached skill level 9 in Fire Magic
  8231 | D:7      | Noticed Joseph
  8401 | D:7      | Killed Joseph
  8471 | D:7      | Reached skill level 10 in Fire Magic
  8883 | D:7      | Found a burning altar of Makhleb.
  9020 | Temple   | Entered the Ecumenical Temple
  9265 | Temple   | Became a worshipper of Warmaster Okawaru
  9551 | D:7      | Found Pupusofi's Assorted Antiques.
  9653 | D:7      | Noticed a balrug
  9816 | D:8      | Reached skill level 11 in Fire Magic
  9959 | D:8      | Reached XP level 10. HP: 80/81 MP: 12/12
 10034 | D:8      | Found an opulent altar of Gozag.
 10179 | D:8      | Gained mutation: You have sharp toenails. [potion of
                  | mutation]
 10179 | D:8      | Gained mutation: Your muscles are strong. (Str +2) [potion
                  | of mutation]
 10393 | D:9      | Noticed Maurice
 10513 | D:9      | Reached * piety under Okawaru
 10734 | D:8      | Learned a level 5 spell: Fireball
 10762 | D:8      | Killed Maurice
 10762 | D:8      | Reached ** piety under Okawaru
 11515 | D:10     | Entered Level 10 of the Dungeon
 11749 | D:10     | Found a staircase to the Lair.
 11878 | D:10     | Noticed a centaur warrior
 11886 | D:10     | Killed a centaur warrior
 11886 | D:10     | Reached *** piety under Okawaru
 12139 | D:10     | Noticed a cyclops
 12277 | Lair:1   | Entered Level 1 of the Lair of Beasts
 12286 | Lair:1   | Reached XP level 11. HP: 57/86 MP: 17/17
 12417 | Lair:1   | Noticed a four-headed hydra
 12494 | D:10     | Killed a four-headed hydra
 12494 | D:10     | Reached skill level 10 in Conjurations
 12494 | D:10     | HP: 3/86 [komodo dragon (8)]
 12497 | D:10     | Mangled by a komodo dragon

Levels and vault maps discovered:
D:1:      saegor_arrival_simple_d, layout_basic
D:2:      layout_basic
D:3:      layout_rooms, grunt_temple_overflow_growth_and_decay,
          kennysheep_donut, uniq_crazy_yiuf_cottage
D:4:      layout_basic, lemuel_crystal_altar, temple_hall, serial_shops, shop
D:5:      minmay_chambers_of_fours, layout_basic, old_standard_altar,
          kennysheep_slug_shrine, lemuel_crystal_altar, first_ration, uniq_ijyb,
          uniq_duvessa
D:6:      layout_basic
D:7:      layout_loops_ring, makhleb_altar_promises_db, serial_shops,
          nicolae_shop_trees, uniq_joseph
D:8:      layout_rooms, kennysheep_mini_moat
D:9:      layout_cave_pools, kennysheep_potato, uniq_maurice
D:10:     layout_stronghold, lair_entry_dummy, the_bakery
Temple:   minmay_temple_curvy_branch
Lair:1:   layout_roguey, enter_volcano_3, roderic_batcave

Skill      XL: |  1  2  3  4  5  6  7  8  9 10 11 |
---------------+----------------------------------+-----
Fire Magic     | 4 5 7 11 | 11.5
Conjurations   | 4 5 9 10 | 10.0
Fighting       | 4 5 |  5.1
Axes           | 5 |  5.5
Shields        | 4 |  4.3
Spellcasting   | 4 |  4.0
Dodging        | |  1.5
Stealth        | |  1.5

Action                   |  1- 3 |  4- 6 |  7- 9 | 10-12 || total
-------------------------+-------+-------+-------+-------++-------
Melee: Unarmed           |    35 |       |     1 |       ||    36
       Whip              |    83 |    22 |       |       ||   105
       Hand axe          |       |    36 |   195 |       ||   231
       Morningstar       |       |       |    50 |   100 ||   150
       Kick              |       |       |       |    19 ||    19
 Fire: Shortbow          |       |       |    38 |       ||    38
       Hunting sling     |       |       |    76 |    68 ||   144
Throw: Dart              |    39 |     5 |       |       ||    44
       Stone             |    13 |    75 |       |       ||    88
       Boomerang         |       |     8 |    20 |       ||    28
 Cast: Foxfire           |    12 |    58 |   127 |       ||   197
       Conjure Flame     |       |       |    16 |     1 ||    17
       Sticky Flame      |       |       |       |     3 ||     3
Evoke: Wand              |       |       |     2 |       ||     2
  Use: Scroll            |       |     4 |     2 |     7 ||    13
       Potion            |       |       |       |     6 ||     6
 Stab: Sleeping          |     1 |       |       |       ||     1
  Eat: Chunk             |     1 |     6 |     6 |     7 ||    20
       Ration            |       |     1 |     7 |       ||     8
Armor: Robe              |    36 |    16 |    39 |       ||    91
       Ring mail         |       |       |       |    70 ||    70
Dodge: Dodged            |    99 |    64 |   174 |    51 ||   388
Block: Buckler           |       |       |     5 |    26 ||    31

Table legend:
 A = Non-vault XP
 B = Vault XP
 C = Vault XP percentage of total XP
 D = Non-vault monster count
 E = Vault monster count
 F = Vault count percentage of total count
                 A         B        C        D         E       F
            +---------+---------+-------+---------+---------+-------
      Total |    8988 |    1704 |  15.9 |     197 |      13 |   6.2
            +---------+---------+-------+---------+---------+-------
        D:1 |      38 |       0 |   0.0 |      21 |       0 |   0.0
        D:2 |      69 |       0 |   0.0 |      20 |       0 |   0.0
        D:3 |     434 |      41 |   8.6 |      38 |       1 |   2.6
        D:4 |     325 |       0 |   0.0 |      18 |       0 |   0.0
        D:5 |     656 |     399 |  37.8 |      19 |       8 |  29.6
        D:6 |     769 |       0 |   0.0 |      15 |       0 |   0.0
        D:7 |    1047 |     460 |  30.5 |      17 |       1 |   5.6
        D:8 |    1244 |     480 |  27.8 |      15 |       1 |   6.2
        D:9 |    1440 |     100 |   6.5 |      23 |       1 |   4.2
       D:10 |    2274 |     224 |   9.0 |       7 |       1 |  12.5
     Lair:1 |     692 |       0 |   0.0 |       4 |       0 |   0.0
            +---------+---------+-------+---------+---------+-------
